 Dungeon Crawl Stone Soup version 0.29-a0-872-g797fff5ad1 (webtiles) character file.

Game seed: 5123956024910620128

83226 DungeonMaster the Eclecticist (level 14, -4/85 HPs)
             Began as a Demonspawn Hedge Wizard on July 19, 2022.
             Was a High Priest of Vehumet.
             Slain by a large abomination (15 damage)
             ... on level 3 of the Abyss.
             The game lasted 01:00:52 (19045 turns).

DungeonMaster the Eclecticist (DsHW)               Turns: 19045, Time: 01:00:52

Health: -4/85      AC: 27    Str: 16    XL:     14   Next: 93%
Magic:  28/33      EV: 18    Int: 24    God:    Vehumet [*****.]
Gold:   313        SH:  0    Dex: 13    Spells: 14/43 levels left

rFire   . . .      SeeInvis +   w - +7 sling of Mebocabb {venom, rElec rF- rN+ Int+2}
rCold   . . .      Faith    .   (no shield)
rNeg    + . .      Spirit   .   Y - +3 ring mail {rF+}
rPois   .          Reflect  +   D - +0 helmet {SInv}
rElec   +          Harm     .   z - +1 cloak
rCorr   .          Rampage  .   b - +2 pair of gloves of the Fiddle {Str+4 Int+3}
Will    +....                   r - +0 pair of boots {Stlth+}
Stlth   ++........              N - amulet of reflection
HPRegen 0.24/turn               k - +4 ring of evasion
MPRegen 0.23/turn               o - +4 ring of protection

@: confused, about to teleport
A: claws 1, icemail 2, sturdy frame 2, condensation shield, demonic magic 3
}: 1/15 runes: abyssal
a: Renounce Religion


You were on level 3 of the Abyss.
You worshipped Vehumet.
Vehumet was extremely pleased with you.
You visited 1 branch of the dungeon, and saw 15 of its levels.
You visited the Abyss 1 time.
You also visited: Sewer and Bailey.

You collected 993 gold pieces.
You spent 680 gold pieces at shops.

Inventory:

Hand Weapons
 a - a +4 scimitar of flaming
 w - the +7 sling of Mebocabb (weapon) {venom, rElec rF- rN+ Int+2}
   (You found it on level 2 of the Dungeon)

   Any ammunition fired from it poisons the flesh of those it strikes.
   Int:       It affects your intelligence (+2).
   rF:        It makes you vulnerable to fire.
   rElec:     It insulates you from electricity.
   rN:        It protects you from negative energy.
Missiles
 n - 17 boomerangs
 p - 27 poisoned darts
 B - 3 throwing nets
 E - 2 datura-tipped darts
 U - 5 curare-tipped darts
Armour
 b - the +2 pair of gloves of the Fiddle (worn) {Str+4 Int+3}
   (You acquired it on level 3 of the Dungeon)

   Str:       It affects your strength (+4).
   Int:       It affects your intelligence (+3).
 r - a +0 pair of boots of stealth (worn)
 z - a +1 cloak (worn)
 A - +0 acid dragon scales
 D - a +0 helmet of see invisible (worn)
 P - a +0 troll leather armour
 X - the +0 robe of Orghiune {Rampage rC++}
   (You bought it in a shop on level 7 of the Dungeon)

   rC:        It greatly protects you from cold.
   Rampage:   It bestows one free step when moving towards enemies.
 Y - a +3 ring mail of fire resistance (worn)
Magical Staves
 G - a staff of fire
Jewellery
 k - a +4 ring of evasion (left hand)
 o - a +4 ring of protection (right hand)
 u - a ring of positive energy
 N - an amulet of reflection (around neck)
 W - a +4 ring of evasion
Wands
 f - a wand of charming (7)
 m - a wand of mindburst (19)
 I - a wand of flame (10)
 K - a wand of acid (20)
 R - a wand of digging (10)
 T - a wand of iceblast (1)
Scrolls
 c - 3 scrolls of fear
 g - 3 scrolls of poison
 h - 2 scrolls of immolation
 t - 3 scrolls of teleportation
 v - 2 scrolls of magic mapping
 x - 2 scrolls of blinking
 y - 2 scrolls of brand weapon
 H - 2 scrolls of amnesia
 J - 6 scrolls of enchant weapon
 L - 3 scrolls of fog
 V - 2 scrolls of summoning
Potions
 d - a potion of magic
 e - 3 potions of invisibility
 i - 3 potions of mutation
 j - a potion of heal wounds
 l - 10 potions of curing
 q - 5 potions of might
 C - 2 potions of flight
 F - 4 potions of cancellation
 M - a potion of resistance
 O - 4 potions of haste


   Skills:
 - Level 10.3 Ranged Weapons
 * Level 6.1 Dodging
 - Level 1.7 Stealth
 * Level 15.0 Spellcasting
 - Level 10.3 Conjurations
 - Level 1.0 Summonings
 * Level 5.8 Translocations
 - Level 6.3 Air Magic
 - Level 5.0 Earth Magic


You had 14 spell levels left.
You knew the following spells:

 Your Spells              Type           Power      Damage    Failure   Level
a - Magic Dart            Conj           100%       1d8       1%          1
b - Stone Arrow           Conj/Erth      100%       3d13      1%          3
c - Iskenderun's Mystic   Conj/Tloc      54%        2d12      1%          4
d - Mephitic Cloud        Conj/Pois/Air  44%        N/A       1%          3
e - Passwall              Tmut/Erth      25%        N/A       1%          2
f - Airstrike             Air            24%        0-8+      1%          4
g - Blink                 Tloc           92%        N/A       1%          2
h - Passage of Golubria   Tloc           46%        N/A       3%          4
i - Statue Form           Tmut/Erth      20%        N/A       88%         6

Your spell library contained the following spells:

 Spells                   Type           Power      Damage    Failure   Level
 Freezing Cloud           Conj/Ice/Air   22%        6-21      2%          5
 Sandblast                Erth           84%        2d18      1%          1
 Poisonous Vapours        Pois/Air       66%        N/A       1%          2
 Scorch                   Fire           36%        2d6       1%          2
 Conjure Flame            Conj/Fire      42%        6-21      1%          3
 Lesser Beckoning         Tloc           46%        N/A       1%          3
 Flame Wave               Conj/Fire      42%        2d9       1%          4
 Necrotise                Necr           72%        1d7       3%          1
 Slow                     Hex            72%        N/A       3%          1
 Call Imp                 Summ           22%        N/A       3%          2
 Portal Projectile        Hex/Tloc       64%        N/A       3%          3
 Lee's Rapid Deconstruct  Erth           21%        3d13*     3%          5
 Manifold Assault         Tloc           46%        N/A       9%          5
 Confusing Touch          Hex            18%        N/A       11%         3
 Tukima's Dance           Hex            18%        N/A       11%         3
 Vampiric Draining        Necr           18%        2d7       11%         3
 Leda's Liquefaction      Hex/Erth       15%        N/A       12%         4
 Corpse Rot               Necr/Pois/Air  28%        N/A       14%         4
 Yara's Violent Unravell  Hex/Tmut       9%         3d6       24%         5
 Agony                    Necr           18%        N/A       67%         5
 Blade Hands              Tmut           9%         N/A       67%         5
 Summon Cactus Giant      Summ           11%        N/A       98%         6


Dungeon Overview and Level Annotations

Branches:
Dungeon (15/15)            Temple (0/1) D:4            Lair (0/5) D:8
    Orc (0/2) D:11         Vaults (0/5) D:14          Sewer (visited)
 Bailey (visited)
 Depths: D:15

Altars:
Ashenzari
Kikubaaqudgha
Makhleb
Okawaru
Qazlal
Ru
Uskayaw
Vehumet
Xom
Yredelemnul

Shops:
D:3 [=   D:6 =   D:7 *[

Annotations:
D:9 6 transporters
D:10 1 runed translucent door, 27snakeeyes612's ghost, novice TrBe
D:15 Azrael; Louise


Innate Abilities, Weirdness & Mutations

You have sharp fingernails.
A meltable icy envelope protects you from harm. (AC +8)
Your movements are less encumbered by armour. (ER -4)
A meltable shield of frost defends you. (SH +4)
Spells you cast and wands you use may paralyse nearby enemies.


Message History

Fire: w) +7 sling of Mebocabb {venom, rElec rF- rN+ Int+2}
Press: ? - help, Q - select action, (/) - cycle Shift-Dir - straight line, f - large abomination
Aim: a large abomination (80% to hit)
You shoot a sling bullet.
The sling bullet barely misses the large abomination.
The large abomination hits you!
Fire: w) +7 sling of Mebocabb {venom, rElec rF- rN+ Int+2}
Press: ? - help, Q - select action, (/) - cycle Shift-Dir - straight line, f/p - large abomination
Aim: a large abomination (80% to hit)
You shoot a sling bullet.
The sling bullet barely misses the large abomination.
The large abomination hits you!
* * * LOW HITPOINT WARNING * * *
The large abomination hits you!
* * * LOW HITPOINT WARNING * * *
As you read the scroll of teleportation, it crumbles to dust.
You feel strangely unstable.
You feel the power of the Abyss delaying your translocation!
The large abomination hits you but does no damage.
The large abomination completely misses you.
A bone dragon, an apocalypse crab and 2 golden eyes come into view.
The golden eye turns its gaze towards you.
The large abomination closely misses you.
The large abomination attacks as you move away!
You block the large abomination's attack.
A large abomination comes into view.
The golden eye blinks!
A golden eye comes into view.
The golden eye blinks at you.
You are confused.
The large abomination hits you.
* * * LOW HITPOINT WARNING * * *
You're too confused to move!
The large abomination misses you. The cyan very ugly thing misses you.
The large abomination misses you.
The golden eye turns its gaze towards you.
You clumsily bash the cyan very ugly thing but do no damage.
The golden eye blinks!
A golden eye comes into view.
The large abomination hits you!
You die...

#. . ... #.## .
.## ###...#8.8#
#......#.. ##.
.. .# #
#..####G### .#
. .§......#
#...G.#Xu##.#.#
#..∩..#@.##.#.#
#..X #.#####.#
##. .#.t# #.# #
..## # #
.##.G.# .#
#.≈≈...≈. .#..
.###+ # # #G. §
≈ #. + § .. .


You could see a cyan very ugly thing, an apocalypse crab, a large abomination
and 3 golden eyes.

Vanquished Creatures
  A stone giant (D:15)
  A starcursed mass (Abyss:3)
  Josephine (D:13)
  A spriggan zombie (Abyss:3)
  A hydra (D:13)
  7 vault guards
  2 centaur warriors (D:14)
  6 two-headed ogres
  A tengu warrior (D:15)
  Sonja (D:12)
  A sixfirhy (Abyss:3)
  A spriggan simulacrum (Abyss:3)
  3 wizards (D:14)
  2 deep elf pyromancers
  4 ugly things
  2 manticores
  2 cyclopes
  A smoke demon (Abyss:3)
  Maggie (D:6)
  A freezing wraith (D:11)
  2 efreet (D:15)
  2 komodo dragons
  A queen bee (shapeshifter) (D:13)
  A hornet (D:8)
  6 trolls
  3 raiju (Abyss:3)
  12 slime creatures
  Prince Ribbit (Bailey)
  A shadow (D:12)
  7 wraiths
  A vampire (D:9)
  9 yaks
  4 wyverns (D:8)
  2 basilisks
  5 humans (Bailey)
  2 steam dragons
  14 vampire mosquitoes
  A large abomination (Abyss:3)
  6 water moccasins
  A hell hound (D:14)
  8 orc warriors
  An ice beast (D:7)
  A sky beast (D:7)
  2 black bears
  3 wolves (D:8)
  3 small abominations (Abyss:3)
  An ogre (D:6)
  6 centaurs
  A kobold brigand (D:9)
  9 bullfrogs
  Blork the orc (D:5)
  2 necrophages
  2 gnoll sergeants
  2 scorpions
  13 killer bees
  12 howler monkeys
  4 electric eels (D:10)
  A hound (D:6)
  2 jellies
  5 orc priests
  2 iguanas
  13 orc wizards
  16 gnolls
  6 river rats
  11 adders
  2 shadow imps (D:6)
  2 white imps
  3 worms
  A dart slug (D:1)
  35 orcs
  17 ball pythons
  5 bats
  12 endoplasms
  8 giant cockroaches
  13 goblins
  7 hobgoblins
  6 jackals
  12 kobolds
  5 quokkas
  5 frilled lizards
  25 rats
406 creatures vanquished.

Vanquished Creatures (others)
  A water elemental (D:14)
  A basilisk (D:15)
  An electric eel (D:14)
  2 fungi (D:8)
  14 plants
  2 withered plants (D:10)
21 creatures vanquished.

Grand Total: 427 creatures vanquished

Notes
Turn   | Place    | Note
-------+----------+-------------------------------------------
     0 | D:1      | DungeonMaster the Demonspawn Hedge Wizard began the quest
                  | for the Orb.
     0 | D:1      | Reached XP level 1. HP: 13/13 MP: 4/4
    24 | D:1      | Found a faded altar of an unknown god.
   446 | D:1      | Gained mutation: Spells you cast may paralyse adjacent
                  | enemies. [demonic ancestry]
   446 | D:1      | Reached XP level 2. HP: 19/19 MP: 0/6
  1089 | D:1      | Gained mutation: Your movements are slightly less
                  | encumbered by armour. (ER -2) [demonic ancestry]
  1089 | D:1      | Reached XP level 3. HP: 24/24 MP: 2/8
  2221 | D:2      | Learned a level 2 spell: Blink
  2688 | D:2      | Identified the +7 sling of Mebocabb {venom, rElec rF- rN+
                  | Int+2}
  2708 | D:2      | Gained mutation: Your movements are less encumbered by
                  | armour. (ER -4) [demonic ancestry]
  2708 | D:2      | Reached XP level 4. HP: 30/30 MP: 2/9
  3035 | D:3      | Identified a scroll of acquirement
  3035 | D:3      | Acquired the +2 pair of gloves of the Fiddle {Str+4 Int+3}
  3166 | D:3      | Reached skill level 4 in Spellcasting
  3259 | D:3      | Found Rehof's One-of-a-Kind Rings.
  3440 | D:3      | Found a basalt altar of Yredelemnul.
  3442 | D:3      | Noticed a profane servitor
  3666 | D:3      | Found Werei's Antique Armour Shoppe.
  3701 | D:3      | Reached skill level 1 in Ranged Weapons
  4021 | D:3      | Noticed an angel
  4164 | D:4      | Gained mutation: Spells you cast may paralyse nearby
                  | enemies. [demonic ancestry]
  4164 | D:4      | Reached XP level 5. HP: 35/35 MP: 6/11
  4240 | D:4      | Found a radiant altar of Vehumet.
  4247 | D:4      | Became a worshipper of Vehumet
  4291 | D:4      | Noticed a black bear
  4300 | D:4      | Killed a black bear
  4301 | D:4      | Reached XP level 6. HP: 38/41 MP: 8/12
  4496 | D:4      | Reached skill level 5 in Spellcasting
  4772 | D:4      | Reached XP level 7. HP: 44/46 MP: 10/14
  4906 | D:4      | Found a staircase to the Ecumenical Temple.
  5037 | D:4      | Learned a level 3 spell: Stone Arrow
  5041 | D:4      | Learned a level 3 spell: Mephitic Cloud
  5073 | D:5      | Entered Level 5 of the Dungeon
  5099 | D:5      | Reached * piety under Vehumet
  5099 | D:5      | Offered knowledge of Shock by Vehumet.
  5288 | D:5      | Acquired a +0 pair of boots of stealth
  5339 | D:5      | Noticed Blork the orc
  5347 | D:5      | Reached skill level 5 in Conjurations
  5347 | D:5      | Reached skill level 1 in Air Magic
  5352 | D:5      | Killed Blork the orc
  5484 | D:5      | Found a glowing drain.
  5491 | Sewer    | Entered a sewer
  5627 | Sewer    | Offered knowledge of Foxfire by Vehumet.
  5633 | Sewer    | Reached ** piety under Vehumet
  5695 | Sewer    | Gained mutation: A meltable shield of frost defends you.
                  | (SH +4) [demonic ancestry]
  5695 | Sewer    | Reached XP level 8. HP: 45/52 MP: 13/16
  6182 | D:6      | Reached skill level 6 in Spellcasting
  6322 | D:6      | Found Qeojeqin's Jewellery Boutique.
  6653 | D:6      | Noticed Maggie
  6668 | D:6      | Killed Maggie
  6669 | D:6      | Reached skill level 5 in Ranged Weapons
  6791 | D:6      | Offered knowledge of Poisonous Vapours by Vehumet.
  6804 | D:6      | Learned a level 2 spell: Passwall
  7025 | D:6      | Gained mutation: A meltable icy envelope protects you from
                  | harm. (AC +8) [demonic ancestry]
  7025 | D:6      | Reached XP level 9. HP: 57/57 MP: 19/19
  7254 | D:7      | Reached skill level 7 in Spellcasting
  7407 | D:7      | Found Licurroq's Antique Armour Emporium.
  7429 | D:7      | Reached *** piety under Vehumet
  7501 | D:7      | Bought a shiny helmet for 255 gold pieces
  7626 | D:7      | Found Ujuiref's Assorted Antiques.
  7634 | D:7      | Bought a scroll of teleportation for 78 gold pieces
  8256 | D:8      | Reached skill level 5 in Air Magic
  8497 | D:8      | Offered knowledge of Airstrike by Vehumet.
  8498 | D:8      | Reached XP level 10. HP: 58/63 MP: 15/21
  8525 | D:8      | Reached skill level 8 in Spellcasting
  8634 | D:8      | Found a staircase to the Lair.
  8654 | D:8      | Found an ancient bone altar of Kikubaaqudgha.
  8809 | D:8      | Noticed a two-headed ogre
  8821 | D:8      | Killed a two-headed ogre
  9219 | D:8      | Learned a level 4 spell: Airstrike
  9280 | D:9      | Reached **** piety under Vehumet
  9331 | D:9      | Found a flagged portal.
  9367 | Bailey   | Entered a bailey
  9425 | Bailey   | Reached skill level 1 in Earth Magic
  9457 | Bailey   | Offered knowledge of Iskenderun's Mystic Blast by Vehumet.
  9500 | Bailey   | Learned a level 4 spell: Iskenderun's Mystic Blast
  9559 | Bailey   | Noticed Prince Ribbit
  9559 | Bailey   | Noticed a vault guard
  9574 | Bailey   | Killed Prince Ribbit
  9575 | Bailey   | Killed a vault guard
  9576 | Bailey   | Reached skill level 9 in Spellcasting
  9576 | Bailey   | Gained mutation: You have sharp fingernails. [demonic
                  | ancestry]
  9576 | Bailey   | Reached XP level 11. HP: 68/68 MP: 14/24
  9637 | Bailey   | Noticed a vault guard
  9648 | Bailey   | Killed a vault guard
  9892 | D:9      | Found a transporter.
  9911 | D:9      | Found a transporter.
  9911 | D:9      | Found a transporter.
 10136 | D:9      | Noticed a two-headed ogre
 10142 | D:9      | Killed a two-headed ogre
 10213 | D:9      | Found a transporter.
 10374 | D:9      | Found a transporter.
 10461 | D:9      | Found a transporter.
 10589 | D:10     | Entered Level 10 of the Dungeon
 10768 | D:10     | Reached ***** piety under Vehumet
 10912 | D:10     | Noticed a two-headed ogre
 10913 | D:10     | Found a large runed translucent door.
 10913 | D:10     | Found a large runed translucent door.
 10920 | D:10     | Killed a two-headed ogre
 10966 | D:10     | Offered knowledge of Lee's Rapid Deconstruction by Vehumet.
 11211 | D:10     | Found a stormy altar of Qazlal.
 11512 | D:10     | Reached skill level 10 in Conjurations
 11569 | D:10     | Found a burning altar of Makhleb.
 11572 | D:10     | Found a sacrificial altar of Ru.
 11720 | D:11     | Found a staircase to the Orcish Mines.
 12362 | D:10     | Found a broken altar of Ashenzari.
 12381 | D:10     | Noticed a deep elf pyromancer
 12391 | D:10     | Killed a deep elf pyromancer
 12392 | D:10     | Reached skill level 10 in Spellcasting
 12392 | D:10     | Reached skill level 5 in Earth Magic
 12463 | D:10     | Learned a level 4 spell: Passage of Golubria
 12496 | D:10     | Found a runed translucent door.
 12497 | D:10     | Noticed 27snakeeyes612's ghost (novice TrBe)
 12811 | D:11     | Reached skill level 1 in Translocations
 12811 | D:11     | Gained mutation: Spells you cast and wands you use may
                  | paralyse nearby enemies. [demonic ancestry]
 12811 | D:11     | Reached XP level 12. HP: 74/74 MP: 20/26
 13396 | D:12     | Reached skill level 12 in Spellcasting
 13396 | D:12     | Gained mutation: A meltable icy envelope protects you from
                  | harm. (AC +8) [demonic ancestry]
 13396 | D:12     | Reached XP level 13. HP: 79/79 MP: 26/29
 13397 | D:12     | Reached skill level 14 in Spellcasting
 13397 | D:12     | Reached XP level 14. HP: 85/85 MP: 26/32
 13405 | D:12     | Learned a level 6 spell: Statue Form
 13446 | D:12     | Noticed Sonja
 13455 | D:12     | Killed Sonja
 14855 | D:13     | Noticed Josephine
 14864 | D:13     | Killed Josephine
 15126 | D:13     | Found an ancient bone altar of Kikubaaqudgha.
 15154 | D:13     | Found a stormy altar of Qazlal.
 15156 | D:13     | Found a shimmering altar of Xom.
 15156 | D:13     | Found an iron altar of Okawaru.
 15156 | D:13     | Found a hide-covered altar of Uskayaw.
 15826 | D:14     | Reached skill level 10 in Ranged Weapons
 16568 | D:14     | Reached skill level 5 in Dodging
 16810 | D:14     | Found a gate to the Vaults.
 17141 | D:15     | Entered Level 15 of the Dungeon
 17153 | D:15     | Noticed Louise
 17447 | D:15     | Noticed Azrael
 17634 | D:7      | Bought a sheer robe for 193 gold pieces
 17634 | D:7      | Identified the +0 robe of Orghiune {Rampage rC++} (You
                  | bought it in a shop on level 7 of the Dungeon)
 17702 | D:3      | Bought a glowing ring mail for 154 gold pieces
 18000 | D:15     | Reached skill level 5 in Translocations
 18155 | D:15     | Noticed a stone giant
 18185 | D:15     | Killed a stone giant
 18361 | Abyss:3  | Noticed a kraken
 18361 | Abyss:3  | Cast into level 3 of the Abyss (Louise)
 18364 | Abyss:3  | Noticed a tentacled monstrosity
 18364 | Abyss:3  | Noticed a tentacled monstrosity
 18365 | Abyss:3  | Got an abyssal rune of Zot
 18460 | Abyss:3  | Noticed a tentacled starspawn
 18691 | Abyss:3  | Offered knowledge of Freezing Cloud by Vehumet.
 18691 | Abyss:3  | Noticed a starcursed mass
 18692 | Abyss:3  | Reached skill level 15 in Spellcasting
 18717 | Abyss:3  | Killed a starcursed mass
 18717 | Abyss:3  | Noticed a starcursed mass
 18956 | Abyss:3  | Noticed a tentacled starspawn
 18961 | Abyss:3  | Found a corrupted altar of Lugonu.
 19031 | Abyss:3  | Noticed a cyan very ugly thing
 19039 | Abyss:3  | Noticed a bone dragon
 19045 | Abyss:3  | Slain by a large abomination

Illustrated notes

Levels and vault maps discovered:
D:1:      onia_arrival_mini_spirals, layout_basic,
          ebering_ecumenical_altar_webs, hex_tiny, chequers_big_river,
          minivault_4, minmay_unequal
D:2:      layout_loops_ring, minmay_octomino_c4
D:3:      layout_basic, grunt_temple_overflow_holy_war, zin_statuary,
          serial_shops, nicolae_diamond_shop, nicolae_shop_unique_rings,
          skrybe_limestone_x
D:4:      layout_loops_ring, mainiacjoe_overflow_24_doors, temple_statues,
          minmay_misc_feat_chi
D:5:      layout_basic, lightli_sewer_entry_pipes, uniq_blork_the_orc
D:6:      layout_loops_corners, serial_shops, shop, nrook_loot_triangle,
          uniq_maggie
D:7:      layout_cave_pods, serial_shops, nicolae_shop_advertising_works
          [nicolae_subvault_shop_adworks], nicolae_shop_crystal,
          reono_crystal_passage
D:8:      kennysheep_blocky_hall, layout_loops_ring, amcnicky_altar_gilded,
          minmay_lair_entry_grove
D:9:      gammafunk_cloud_chamber, layout_stronghold, enter_bailey_5,
          nicolae_transporter_circle
D:10:     layout_basic, nicolae_qazlal_style_of_elements,
          evilmike_ruin_ashenzari, jmf_multi_god_temple2, gammafunk_ghost_grave
D:11:     layout_loops_cross, orc_0_dummy
D:12:     layout_gridville, uniq_sonja
D:13:     layout_loops_ring, doesnt_xom_only_xom, uniq_josephine
D:14:     layout_basic, grunt_vaults_entry_fortified, lemuel_freeze_loot_1
D:15:     grunt_enter_depths_snipers, layout_loops_cross, uniq_azrael,
          uniq_louise
Abyss:3:  base: D:3, evilmike_nicolae_abyss_rune_betentacled_crabyss,
          evilmike_abyss_exit_mutagenic, patterned_corridor,
          grunt_abyss_exit_deep_breaths, grunt_abyss_exit_deep_breaths,
          spicy_abyss_unhelpful_harpoons, evilmike_abyss_exit_chaos,
          evilmike_abyss_exit_12, hangedman_abyss_overflow_altar, minivault_11,
          serial_sigils_hangedman_gut, abyss_furniture_001

Skill      XL: |  1  2  3  4  5  6  7  8  9 10 11 12 13 14 |
---------------+-------------------------------------------+-----
Conjurations   | 2 3 4 5 6 7 9 10 | 10.3
Spellcasting   | 4 5 6 7 9 10 12 14 15 | 15.0
Ranged Weapons | 1 2 3 4 5 6 7 9 10 | 10.3
Air Magic      | 2 3 5 6 |  6.3
Earth Magic    | 2 5 |  5.0
Translocations | 1 5 |  5.8
Dodging        | 2 6 |  6.1
Stealth        | |  1.7
Summonings     | |  1.0

Action                   |  1- 3 |  4- 6 |  7- 9 | 10-12 | 13-15 || total
-------------------------+-------+-------+-------+-------+-------++-------
Melee: Dagger            |     5 |       |       |       |       ||     5
       Short sword       |    29 |    18 |    19 |     1 |     8 ||    75
       Sling             |       |       |     3 |       |     1 ||     4
       Punch             |       |       |       |       |     1 ||     1
 Fire: Sling             |       |    68 |   239 |   303 |    96 ||   706
 Cast: Magic Dart        |   114 |    72 |    67 |    21 |    17 ||   291
       Mephitic Cloud    |       |       |    22 |    46 |    41 ||   109
       Stone Arrow       |       |       |     2 |    71 |   192 ||   265
       Iskenderun's Myst |       |       |       |     2 |     1 ||     3
       Airstrike         |       |       |       |       |     2 ||     2
       Passage of Golubr |       |       |       |       |     1 ||     1
Evoke: Wand              |       |       |       |     1 |     5 ||     6
  Use: Scroll            |     6 |     6 |    12 |     8 |     7 ||    39
       Potion            |       |       |       |     1 |     8 ||     9
 Stab: Paralysed         |     3 |     1 |    14 |       |     3 ||    21
       Confused          |       |       |       |       |     1 ||     1
Armor: Robe              |     1 |       |       |       |       ||     1
       Leather armour    |     4 |    21 |    21 |       |       ||    46
       Acid dragon scale |       |       |    22 |    18 |       ||    40
       Troll leather arm |       |       |       |    13 |    13 ||    26
       Ring mail         |       |       |       |       |    24 ||    24
Dodge: Dodged            |    20 |    46 |    82 |    69 |    65 ||   282
Block: Other             |       |       |     9 |    25 |    20 ||    54
       Reflection        |       |       |       |     5 |     3 ||     8

Table legend: (Time is in decaauts)
 A = Elapsed time spent in this place.
 B = Non-inter-level travel time spent in this place.
 C = Inter-level travel time spent in this place.
 D = Time resting spent in this place.
 E = Time spent auto-exploring this place.
 F = Levels seen in this place.
 G = Mean time per level.
                   A        B        C        D        E       F      G
               +--------+--------+--------+--------+--------+-----+--------+
         Total |  19239 |  18289 |    950 |   3316 |  11339 |  18 | 1068.8 |
       Dungeon |  17874 |  16924 |    950 |   2681 |  11298 |  15 | 1191.6 |
         Abyss |    687 |    687 |      0 |    442 |      0 |   1 |  687.0 |
         Sewer |    274 |    274 |      0 |      0 |     15 |   1 |  274.0 |
        Bailey |    401 |    401 |      0 |    193 |     25 |   1 |  401.0 |
               +--------+--------+--------+--------+--------+-----+--------+

Top non-repeatable levels by time:
     D:1: 1948 daAuts
    D:14: 1800 daAuts
    D:10: 1573 daAuts
    D:13: 1274 daAuts
    D:12: 1143 daAuts
     D:7: 1128 daAuts
    D:11: 1124 daAuts
     D:2: 1094 daAuts
     D:4: 1089 daAuts
     D:9: 1085 daAuts
     D:8: 1050 daAuts
     D:3: 1030 daAuts
     D:6: 1012 daAuts
     D:5: 973 daAuts
 Abyss:3: 687 daAuts
